 Dungeon Crawl Stone Soup version 0.28-a0-1594-ga885d4b3d6 (webtiles) character file.

Game seed: 14651516042668680143

360 issech the Shield-Bearer (level 6, -11/61 HPs)
             Began as a Troll Fighter on Jan 20, 2022.
             Killed by divine providence
             ... invoked by an orc priest
              (14 damage)
             ... on level 4 of the Dungeon.
             The game lasted 00:09:05 (3332 turns).

issech the Shield-Bearer (Troll Fighter)            Turns: 3332, Time: 00:09:06

Health: -11/61     AC:  4    Str: 25    XL:     6   Next: 38%
Magic:  5/5        EV:  9    Int:  7    God:
Gold:   101        SH:  9    Dex: 15    Spells: 5/5 levels left

rFire   . . .      SeeInvis .   i - +3 whip (venom)
rCold   . . .      Faith    .   c - +0 kite shield
rNeg    + . .      Spirit   .   b - +0 robe
rPois   .          Reflect  .   (helmet restricted)
rElec   .          Harm     .   r - scarf {shadows}
rCorr   .          Rampage  .   (gloves unavailable)
Will    .....                   (boots unavailable)
Stlth   ++........              u - amulet "Hoeku" {RegenMP rN+ Int+3 Dex+4}
HPRegen 1.00/turn               (no ring)
MPRegen 0.49/turn               (no ring)

@: mighty
A: large, unfitting armour, claws 3, regeneration 1, shaggy fur 1, tough skin 1
a: no special abilities


You were on level 4 of the Dungeon.
You visited 1 branch of the dungeon, and saw 4 of its levels.

You collected 101 gold pieces.

Inventory:

Hand Weapons
 a - a +0 flail
 e - a +0 mace
 i - a +3 whip of venom (weapon)
 q - a +0 giant spiked club
Missiles
 f - 3 large rocks (quivered)
 g - 107 stones
 j - 54 arrows
 n - 8 poisoned darts
 x - 17 bolts
 y - a throwing net
Armour
 b - a +0 robe (worn)
 c - a +0 kite shield (worn)
 r - a scarf of shadows (worn)
Magical Staves
 s - a staff of poison
Jewellery
 u - the amulet "Hoeku" (around neck) {RegenMP rN+ Int+3 Dex+4}
   (You found it on level 4 of the Dungeon)

   [amulet of magic regeneration]

   It increases your rate of magic regeneration.
   Int:       It affects your intelligence (+3).
   Dex:       It affects your dexterity (+4).
   rN:        It protects you from negative energy.
Wands
 p - a wand of flame (32)
Scrolls
 t - a scroll of enchant weapon
 w - a scroll of torment {unknown}
Potions
 h - a potion of curing
 k - a potion of mutation {unknown}
 l - a potion of lignification {unknown}
 m - 3 potions of heal wounds {unknown}
 o - a potion of magic {unknown}
 v - 2 potions of cancellation {unknown}


   Skills:
 + Level 3.2 Fighting
 + Level 3.5 Maces & Flails
 + Level 3.6 Dodging
 + Level 0.4 Stealth
 + Level 3.8 Shields


You had 5 spell levels left.
You didn't know any spells.
Your spell library contained the following spells:

 Spells                   Type           Power      Damage    Failure   Level
 Sandblast                Erth           0%         2d4       73%         1
 Passwall                 Tmut/Erth      0%         N/A       86%         2
 Stone Arrow              Conj/Erth      0%         3d7       97%         3


Dungeon Overview and Level Annotations

Branches:
Dungeon (4/15)
 Temple: D:4-7

Altars:

Shops:
D:4 =


Innate Abilities, Weirdness & Mutations

You are too large for most types of armour.
You have claws for hands.
Your natural rate of healing is unusually fast.
You are covered in fur. (AC +1)
You have tough skin. (AC +1)


Message History

The orc throws a stone.
The stone misses you. The orc misses you.
The orc priest calls down the wrath of Beogh upon you.
Beogh smites you!
* * * LOW HITPOINT WARNING * * *
The orc priest miscasts a cantrip.
The orc priest begins to cast a cantrip, but forgets the words!
The orc priest mumbles some strange prayers to Beogh against you.
Beogh smites you!
* * * LOW HITPOINT WARNING * * *
You block the orc's attack.
Unknown command.
You feel very mighty all of a sudden. You block the orc's attack.
You whack the orc!
You kill the orc!
The orc throws a stone.
You block the stone.
Things that are here:
a +0 hand axe; an orc corpse You whack the orc!
You kill the orc!
You barely miss the orc. You block the orc's attack.
You whack the orc!
You kill the orc!
You block the orc priest's attack.
The orc priest mumbles some strange prayers to Beogh against you.
Pain shoots through your body!
* * * LOW HITPOINT WARNING * * *
You barely miss the endoplasm.
The orc priest hits you from afar with a +0 trident!
* * * LOW HITPOINT WARNING * * *
The endoplasm freezes you.
You are frozen.
* * * LOW HITPOINT WARNING * * *
You whack the endoplasm!
You kill the endoplasm!
You block the orc priest's attack.
The orc priest mumbles some strange prayers to Beogh against you.
Beogh smites you!
You die...

### # #.# ### # #.##
#.## #### ### ##..#
##@####..# ..###...#
##)o..### ...##...#
#.o### ##......##
##.## #.......# #..##
#.......### ##...##
#.........####o....##
##....#....##.......#
#....##..............#


You could see 2 orc priests.

Vanquished Creatures
  An ogre (D:4)
  A scorpion (D:4)
  A gnoll shaman (D:4)
  Jessica (D:2)
  A howler monkey skeleton (D:4)
  7 gnolls
  2 adders
  A dart slug (D:4)
  5 orcs
  8 endoplasms
  3 giant cockroaches
  6 goblins
  5 hobgoblins
  5 kobolds
  4 quokkas
  4 ball pythons
  5 bats
  5 frilled lizards
  3 rats (D:1)
68 creatures vanquished.

Vanquished Creatures (others)
  4 plants (D:1)
4 creatures vanquished.

Grand Total: 72 creatures vanquished

Notes
Turn   | Place    | Note
-------+----------+-------------------------------------------
     0 | D:1      | issech the Troll Fighter began the quest for the Orb.
     0 | D:1      | Reached XP level 1. HP: 22/22 MP: 0/0
   288 | D:1      | Reached XP level 2. HP: 21/29 MP: 1/1
  1207 | D:2      | Noticed Jessica
  1215 | D:2      | Killed Jessica
  1216 | D:2      | Reached XP level 3. HP: 28/36 MP: 2/2
  1422 | D:2      | Reached XP level 4. HP: 37/44 MP: 3/3
  1461 | D:2      | Found a faded altar of an unknown god.
  2494 | D:4      | Noticed an ogre
  2501 | D:4      | Killed an ogre
  2502 | D:4      | Reached XP level 5. HP: 53/53 MP: 4/4
  2841 | D:4      | Reached XP level 6. HP: 61/61 MP: 5/5
  2925 | D:4      | Found Poip's Jewellery Boutique.
  2959 | D:4      | Identified the amulet "Hoeku" {RegenMP rN+ Int+3 Dex+4}
  3322 | D:4      | HP: 3/61 [orc priest/divine providence (15)]
  3331 | D:4      | HP: 3/61 [orc priest (8)]
  3332 | D:4      | Killed from afar by an orc priest

Illustrated notes

Levels and vault maps discovered:
D:1:      dpeg_arrival_round_b, layout_basic, chequers_big_river
D:2:      layout_rooms, ebering_ecumenical_altar_abandoned, uniq_jessica
D:3:      layout_basic
D:4:      layout_layer_cave, serial_shops, nicolae_shop_trees

Skill      XL: |  1  2  3  4  5 |
---------------+----------------+-----
Maces & Flails | 2 3 |  3.5
Shields        | 3 |  3.8
Dodging        | 3 |  3.6
Fighting       | 3 |  3.2
Stealth        | |  0.4

Action                   |  1- 3 |  4- 6 || total
-------------------------+-------+-------++-------
Melee: Flail             |    69 |       ||    69
       Whip              |    21 |    91 ||   112
  Use: Scroll            |     3 |     2 ||     5
       Potion            |       |     1 ||     1
Armor: Robe              |    38 |    19 ||    57
Dodge: Dodged            |    31 |    37 ||    68
Block: Kite shield       |    30 |    47 ||    77

Table legend: (Time is in decaauts)
 A = Elapsed time spent in this place.
 B = Non-inter-level travel time spent in this place.
 C = Inter-level travel time spent in this place.
 D = Time resting spent in this place.
 E = Time spent auto-exploring this place.
 F = Levels seen in this place.
 G = Mean time per level.
                   A        B        C        D        E       F      G
               +--------+--------+--------+--------+--------+-----+--------+
         Total |   3386 |   3229 |    157 |     40 |   2069 |   4 |  846.5 |
       Dungeon |   3386 |   3229 |    157 |     40 |   2069 |   4 |  846.5 |
               +--------+--------+--------+--------+--------+-----+--------+

Top non-repeatable levels by time:
     D:1: 1178 daAuts
     D:4: 843 daAuts
     D:3: 802 daAuts
     D:2: 562 daAuts
